 Dungeon Crawl Stone Soup version 0.31.0-11-ge490571c62 (webtiles) character file.

Game seed: 16489171735828710203

207 engelados the Conjurer (level 5, -2/28 HPs)
             Began as a Deep Elf Conjurer on Feb 10, 2024.
             Slain by Grinder (3 damage)
             ... on level 3 of the Dungeon.
             The game lasted 00:07:36 (3019 turns).

engelados the Conjurer (Deep Elf Conjurer)          Turns: 3019, Time: 00:07:37

Health: -2/28      AC:  4    Str:  4    XL:     5   Next: 54%
Magic:  2/15       EV: 12    Int: 25    God:
Gold:   139        SH:  0    Dex: 13    Spells: 10/15 levels left

rFire   . . .        (no weapon)
rCold   + . .        (no shield)
rNeg    . . .        a - +0 robe
rPois   .            (no helmet)
rElec   .            (no cloak)
rCorr   .            (no gloves)
SInv    .            j - +1 pair of boots
Will    .....        k - amulet of the acrobat
Stlth   ++           c - ring of protection from cold
HPRegen 0.24/turn    (no ring)
MPRegen 0.14/turn

%: acrobat
@: untranslocatable, immotile, very slightly contaminated
A: no striking features
a: no special abilities


You were on level 3 of the Dungeon.
You visited 1 branch of the dungeon, and saw 3 of its levels.

You collected 139 gold pieces.

Inventory:

Armour
 a - a +0 robe (worn)
 j - a +1 pair of boots (worn)
Jewellery
 c - a ring of protection from cold (left hand)
 k - an amulet of the acrobat (around neck)
Wands
 m - a wand of flame (19)
Scrolls
 d - a scroll of identify {unknown}
 i - a scroll of butterflies {unknown}
Potions
 b - a potion of magic
 e - a potion of curing {unknown}
 f - 2 potions of degeneration {unknown}
 g - a potion of haste {unknown}
 h - a potion of berserk rage {unknown}
 l - a potion of lignification {unknown}


   Skills:
 - Level 2.4 Dodging
 - Level 2.4 Stealth
 + Level 5.8 Spellcasting
 + Level 6.0 Conjurations
 + Level 1.2 Translocations


You had 10 spell levels left.
You knew the following spells:

 Your Spells              Type           Power      Damage    Failure   Level
a - Magic Dart            Conj           100%       1d8       1%          1
b - Iskenderun's Mystic   Conj/Tloc      25%        2d7       17%         4

Your spell library contained the following spells:

 Spells                   Type           Power      Damage    Failure   Level
 Searing Ray              Conj           74%        2d7       1%          2
 Fulminant Prism          Conj/Alch      11%        3d9       22%         4


Dungeon Overview and Level Annotations

Branches:
Dungeon (3/15)

Altars:

Shops:
D:3 :

Annotations:
D:3 1 runed translucent door, Crazy Yiuf, Grinder


Message History

The magic dart hits Grinder.
Grinder is lightly wounded.
The magic dart hits Grinder.
Grinder is moderately wounded.
The magic dart hits Grinder.
Grinder is moderately wounded.
Grinder barely misses you.
The magic dart hits Grinder!
Grinder is heavily wounded.
Grinder hits you.
The magic dart hits Grinder.
Grinder is severely wounded.
Grinder hits you!
You writhe in agony.
You are too injured to fight recklessly!
You are too injured to fight recklessly!
Grinder is nearby!
You hit Grinder but do no damage.
Grinder is severely wounded.
Grinder hits you.
* * * LOW HITPOINT WARNING * * *
You writhe in agony.
* * * LOW HITPOINT WARNING * * *
Unknown command.
Casting: Magic Dart (safe; 1% risk of failure)
Confirm with . or Enter, or press ? or * to list all spells.
You erupt in a blast of force!
The mystic blast hits Grinder.
Grinder is almost dead.
Grinder is knocked back by the mystic blast.
Grinder slams into the rock wall!
Grinder is almost dead.
Casting: Iskenderun's Mystic Blast (extremely dangerous; 17% risk of failure)
Confirm with . or Enter, or press ? or * to list all spells.
You miscast Iskenderun's Mystic Blast.
You are very lightly contaminated with residual magic.
The world appears momentarily distorted.
You are magically locked in place.
Grinder hits you.
* * * LOW HITPOINT WARNING * * *
You writhe in agony.
You die...
Grinder sighs, "Dead already?
I want a refund."

#### #########
..#####.......#
#.##....#####.#
####.#...........#
#..........###.#.##
#.##.#.....##......
#.##.##.##....#.....#
#....@..#####.......#
####5#### #.###.#.#
#. #.......# #.
#####.### #. ##'## #.
##...## ## ##.....##
#.......# #.........


You could see Grinder.

Vanquished Creatures
  Natasha (thrice) (D:3)
  Terence (D:2)
  3 adders
  3 dart slugs (D:1)
  2 ribbon worms
  3 ball pythons
  7 endoplasms
  6 giant cockroaches
  3 goblins
  6 hobgoblins
  8 kobolds
  3 quokkas
  7 bats
  3 frilled lizards
  8 rats
66 creatures vanquished.

Notes
Turn   | Place    | Note
-------+----------+-------------------------------------------
     0 | D:1      | engelados the Deep Elf Conjurer began the quest for the
                  | Orb.
     0 | D:1      | Reached XP level 1. HP: 10/10 MP: 6/6
   181 | D:1      | Reached XP level 2. HP: 15/15 MP: 4/8
   697 | D:1      | Reached XP level 3. HP: 19/19 MP: 7/10
   732 | D:1      | Reached skill level 5 in Conjurations
  1003 | D:1      | Found a faded altar of an unknown god.
  1759 | D:2      | Reached XP level 4. HP: 24/24 MP: 7/12
  1858 | D:2      | Noticed Terence
  1869 | D:2      | Killed Terence
  1870 | D:2      | Reached skill level 5 in Spellcasting
  2543 | D:3      | Noticed a black bear
  2598 | D:3      | Noticed Natasha
  2602 | D:3      | Killed Natasha
  2603 | D:3      | Reached XP level 5. HP: 22/28 MP: 9/14
  2608 | D:3      | Learned a level 4 spell: Iskenderun's Mystic Blast
  2686 | D:3      | Found Myffeat's Book Shop.
  2775 | D:3      | Found a runed translucent door.
  2776 | D:3      | Noticed Crazy Yiuf
  2846 | D:3      | Noticed Natasha
  2850 | D:3      | Killed Natasha
  2851 | D:3      | Reached skill level 6 in Conjurations
  2871 | D:3      | Noticed Natasha
  2874 | D:3      | Killed Natasha
  2875 | D:3      | Reached skill level 1 in Translocations
  3010 | D:3      | Noticed Grinder
  3019 | D:3      | HP: 1/28 [Grinder (6)]
  3019 | D:3      | Slain by Grinder

Illustrated notes

Levels and vault maps discovered:
D:1:      heliophobic_arrival_dark_side_of_the_moon, layout_basic,
          ebering_ecumenical_altar_box
D:2:      layout_basic, uniq_terence
D:3:      layout_loops_corners, serial_shops, nicolae_shop_stone,
          corexii_leaking_fountain, corner_web_ring, uniq_natasha,
          uniq_crazy_yiuf_cottage, uniq_grinder

Skill      XL: |  1  2  3  4  5 |
---------------+----------------+-----
Spellcasting   | 4 5 |  5.8
Conjurations   | 5 6 |  6.0
Translocations | 1 |  1.2
Dodging        | |  2.4
Stealth        | |  2.4

Action                     |  1- 3 |  4- 6 || total
---------------------------+-------+-------++-------
  Melee: Unarmed           |     8 |     2 ||    10
   Cast: Magic Dart        |    89 |    73 ||   162
         Iskenderun's Myst |       |     1 ||     1
 Armour: Robe              |    16 |    14 ||    30
  Dodge: Dodged            |    12 |    13 ||    25
